 Dungeon Crawl Stone Soup version 0.24-a0-463-g3510def36b (webtiles) character file.

Game seed: 1861086432295393903

1472 konichiwa the Stinger (level 9, -13/63 HPs)
             Began as a Formicid Venom Mage on July 2, 2019.
             Was a Follower of Qazlal.
             Splashed by Pikel's acid (14 damage)
             ... on level 6 of the Dungeon.
             The game lasted 00:15:09 (6712 turns).

konichiwa the Stinger (Formicid Venom Mage)         Turns: 6712, Time: 00:15:09

Health: -13/63     AC:  4    Str: 16    XL:     9   Next: 6%
Magic:  2/15       EV:  8    Int: 15    God:    Qazlal [*.....]
Gold:   275        SH:  8    Dex: 11    Spells: 6/16 levels left

rFire    . . .     SeeInvis +   a - +0 war axe
rCold    . . .     Gourm    .   B - +0 shield
rNeg     . . .     Faith    .   h - +0 ring mail
rPois    +         Spirit   .   (helmet unavailable)
rElec    .         Reflect  .   (no cloak)
rCorr    .         Harm     .   v - +0 pair of gloves
MR       .....                  m - +0 pair of boots
Stlth    +.........             r - amulet of the acrobat
HPRegen  0.20/turn              D - ring of poison resistance
MPRegen  0.14/turn              E - ring of wizardry

@: corroded, very slightly contaminated
A: permanent stasis, dig shafts and tunnels, four strong arms, antennae 3
a: Dig, Shaft Self, Renounce Religion


You were on level 6 of the Dungeon.
You worshipped Qazlal.
Qazlal was aware of your devotion.
You were not hungry.

You visited 2 branches of the dungeon, and saw 7 of its levels.

You collected 275 gold pieces.

Inventory:

Hand Weapons
 a - a +0 war axe (weapon)
 b - a +0 trident of venom
 g - a +0 short sword
 x - a +1 vampiric dagger
Missiles
 y - 4 boomerangs (quivered)
Armour
 e - a +0 chain mail
 h - a +0 ring mail (worn)
 m - a +0 pair of boots (worn)
 v - a +0 pair of gloves (worn)
 A - a +0 robe
 B - a +0 shield (worn)
Jewellery
 o - an uncursed ring of fire
 r - an amulet of the acrobat (around neck)
 D - a ring of poison resistance (left hand)
 E - a ring of wizardry (right hand)
Wands
 H - a wand of iceblast (1)
 I - a wand of acid (10)
Scrolls
 i - 5 scrolls of enchant weapon {unknown}
 j - 9 scrolls of identify
 k - 2 scrolls of magic mapping {unknown}
 p - a scroll of fog {unknown}
 q - 3 scrolls of remove curse {unknown}
 s - a scroll of enchant armour {unknown}
 t - a scroll of random uselessness {unknown}
 u - 2 scrolls of blinking {unknown}
 z - 2 scrolls of immolation {unknown}
 G - a scroll of noise {unknown}
Potions
 d - a potion of mutation
 f - a potion of magic
 l - a potion of ambrosia
 n - 4 potions of curing
 w - a potion of might
 C - 2 potions of flight {unknown}
Comestibles
 c - 4 rations


   Skills:
 + Level 3.1 Fighting
 + Level 4.6 Axes
 - Level 0.8(3.0) Polearms
 * Level 6.2 Armour
 - Level 1.7 Dodging
 - Level 2.4 Stealth
 - Level 4.0 Spellcasting
 - Level 1.0 Conjurations
 - Level 2.0 Air Magic
 - Level 7.3 Poison Magic
 - Level 0.7 Evocations


You had 6 spell levels left.
You knew the following spells:

 Your Spells              Type           Power        Failure   Level  Hunger
a - Sting                 Conj/Pois      ###.         16%         1    None
b - Poisonous Vapours     Pois/Air       ###...       19%         2    ##.....
c - Olgreb's Toxic Radia  Pois           ###.....     38%         4    ####...
d - Mephitic Cloud        Conj/Pois/Air  ##......     52%         3    ###....

Your spell library contained the following spells:

 Spells                   Type           Power        Failure   Level  Hunger
 Venom Bolt               Conj/Pois      ###.......   98%         5    ######.


Dungeon Overview and Level Annotations

Branches:
Dungeon (6/15)             Temple (1/1) D:4

Altars:
Ashenzari
Dithmenos
Fedhas
Gozag
Hepliaklqana
Nemelex Xobeh
Okawaru
Qazlal
Ru
Sif Muna
Trog
Vehumet
Wu Jian
Xom
Zin
The Shining One

Annotations:
D:6 Pikel


Innate Abilities, Weirdness & Mutations

You cannot be hasted, slowed, berserked, paralysed or teleported.
You can dig through walls and to a lower floor.
Your four strong arms can wield two-handed weapons with a shield.
You have a pair of large antennae on your head. (SInv)


Message History

You hit the slave. The slave hits you.
Pikel hits you with a +2 whip of freezing!
Pikel freezes you. The slave hits you but does no damage.
A quokka comes into view.
Unknown command.
You barely miss Pikel.
Pikel is heavily wounded.
You closely miss the slave. Pikel hits you but does no damage.
You block the slave's attack.
Unknown command.
You barely miss Pikel.
Pikel is heavily wounded.
You closely miss the slave.
The howler monkey hoots and howls with incredible vigour!
Pikel zaps a wand.
The bolt of acid hits you!
You are splashed with acid!
* * * LOW HITPOINT WARNING * * *
The slave barely misses you.
Pikel zaps a wand.
The bolt of acid hits you!
* * * LOW HITPOINT WARNING * * *
The acid corrodes you!
You are splashed with acid!
You die...

. #........ ##.
#...#.......#.... ..##
............#...##....
.#.......{.r..........
......................
.....................#
.......##.# .h.......
#......#####Kp......
##.#.......#@...........
##......§.§..........
#.....###).......... .
##..#.##..##.#....# ..
###..###...###....#...
#....###.............
#................#
................####.
.##
......................


You could see Pikel, a slave, a howler monkey and a quokka.

Vanquished Creatures
  Grinder (D:6)
  3 slaves
  2 orc warriors
  3 sky beasts (D:5)
  An ogre (D:4)
  A scorpion (D:5)
  2 crimson imps (D:5)
  A centaur zombie (D:5)
  A hound (D:6)
  3 orc priests
  A bullfrog skeleton (D:6)
  An iguana (D:5)
  Natasha (thrice) (D:2)
  5 worker ants
  3 orc wizards
  A hound skeleton (D:4)
  4 adders
  A shadow imp (D:5)
  3 worms
  3 leopard geckos
  6 orcs
  3 giant cockroaches (D:1)
  4 goblins
  5 hobgoblins
  2 jackals (D:5)
  3 quokkas
  A ball python (D:5)
  9 bats
  7 frilled lizards
  12 kobolds
  2 leopard gecko skeletons (D:5)
  2 quokka zombies (D:5)
  3 rats
102 creatures vanquished.

Notes
Turn   | Place    | Note
-------+----------+-------------------------------------------
     0 | D:1      | konichiwa the Formicid Venom Mage began the quest for the
                  | Orb.
     0 | D:1      | Reached XP level 1. HP: 13/13 MP: 3/3
   190 | D:1      | Reached XP level 2. HP: 18/19 MP: 3/5
   203 | D:1      | Learned a level 2 spell: Poisonous Vapours
   311 | D:1      | Reached skill level 1 in Conjurations
   896 | D:1      | Found a blossoming altar of Fedhas.
   960 | D:2      | Noticed Natasha
   965 | D:2      | Killed Natasha
   965 | D:2      | Reached skill level 1 in Armour
   965 | D:2      | Reached XP level 3. HP: 15/24 MP: 1/7
  1205 | D:2      | Reached XP level 4. HP: 31/31 MP: 8/8
  1259 | D:2      | Reached skill level 5 in Poison Magic
  1375 | D:2      | Noticed Natasha
  1378 | D:2      | Killed Natasha
  1719 | D:2      | Noticed Natasha
  1728 | D:2      | Killed Natasha
  1728 | D:2      | Reached skill level 1 in Air Magic
  1728 | D:2      | Reached XP level 5. HP: 17/36 MP: 0/9
  2498 | D:3      | Learned a level 4 spell: Olgreb's Toxic Radiance
  3158 | D:4      | Learned a level 3 spell: Mephitic Cloud
  3191 | D:4      | Reached XP level 6. HP: 42/42 MP: 6/11
  3334 | D:4      | Found a staircase to the Ecumenical Temple.
  3355 | Temple   | Entered the Ecumenical Temple
  3382 | Temple   | Became a worshipper of Qazlal Stormbringer
  3614 | D:4      | Found a sparkling altar of Nemelex Xobeh.
  3760 | D:4      | Noticed an ogre
  3763 | D:4      | Killed an ogre
  3763 | D:4      | Reached skill level 1 in Axes
  4065 | D:5      | Entered Level 5 of the Dungeon
  4129 | D:5      | Reached skill level 1 in Fighting
  4278 | D:5      | Reached XP level 7. HP: 48/48 MP: 7/12
  4959 | D:5      | Reached skill level 6 in Poison Magic
  5155 | D:5      | Reached XP level 8. HP: 50/56 MP: 14/14
  5393 | D:6      | Noticed Grinder
  5402 | D:6      | Killed Grinder
  5402 | D:6      | Reached skill level 5 in Armour
  5894 | D:6      | Reached * piety under Qazlal
  6264 | D:5      | Reached skill level 7 in Poison Magic
  6441 | D:6      | Reached XP level 9. HP: 29/63 MP: 1/15
  6702 | D:6      | Noticed Pikel
  6712 | D:6      | HP: 1/63 [Pikel/bolt of acid (9)]
  6712 | D:6      | Splashed by Pikel's acid

Levels and vault maps discovered:
D:1:      sevenhm_arrival_forest_fort_small_6, layout_loops_ring
D:2:      layout_basic, kennysheep_generic_room_12, uniq_natasha
D:3:      layout_loops_ring
D:4:      layout_loops_corners, lemuel_doored_altar, minmay_temple_entry_tees
D:5:      layout_loops_corners, first_ration
D:6:      layout_cave_pools, minmay_fractal_squares_diagonal_5, uniq_pikel,
          uniq_grinder
Temple:   nicolae_temple_the_god_donut

Skill      XL: |  1  2  3  4  5  6  7  8 |
---------------+-------------------------+-----
Conjurations   | 1 |  1.0
Armour         | 1 2 3 4 6 |  6.2
Spellcasting   | 3 4 |  4.0
Poison Magic   | 5 6 7 |  7.3
Air Magic      | 1 2 |  2.0
Axes           | 1 3 4 |  4.6
Fighting       | 1 3 |  3.1
Polearms       | |  0.8
Dodging        | |  1.7
Stealth        | |  2.4
Evocations     | |  0.7

Action                   |  1- 3 |  4- 6 |  7- 9 || total
-------------------------+-------+-------+-------++-------
Melee: Short sword       |    39 |    69 |       ||   108
       War axe           |       |    69 |   115 ||   184
       Trident           |       |       |    26 ||    26
 Cast: Sting             |     9 |       |       ||     9
       Poisonous Vapours |     4 |    33 |    39 ||    76
       Olgreb's Toxic Ra |       |       |     6 ||     6
Evoke: Wand              |       |       |     7 ||     7
  Use: Scroll            |       |     5 |       ||     5
 Stab: Sleeping          |       |     2 |     1 ||     3
  Eat: Chunk             |     1 |     7 |     9 ||    17
       Ration            |       |     1 |     1 ||     2
Armor: Robe              |     3 |       |       ||     3
       Ring mail         |    22 |    66 |    70 ||   158
Dodge: Dodged            |    24 |    83 |   106 ||   213
Block: Shield            |       |       |     7 ||     7

Table legend:
 A = Non-vault XP
 B = Vault XP
 C = Vault XP percentage of total XP
 D = Non-vault monster count
 E = Vault monster count
 F = Vault count percentage of total count
                 A         B        C        D         E       F
            +---------+---------+-------+---------+---------+-------
      Total |    1788 |     315 |  15.0 |      96 |       3 |   3.0
            +---------+---------+-------+---------+---------+-------
        D:1 |      28 |       0 |   0.0 |      17 |       0 |   0.0
        D:2 |     101 |      35 |  25.7 |      22 |       1 |   4.3
        D:3 |      15 |       0 |   0.0 |      10 |       0 |   0.0
        D:4 |     226 |       0 |   0.0 |       8 |       0 |   0.0
        D:5 |    1017 |       0 |   0.0 |      28 |       0 |   0.0
        D:6 |     401 |     280 |  41.1 |      11 |       2 |  15.4
            +---------+---------+-------+---------+---------+-------
